 Dungeon Crawl Stone Soup version 0.28-a0-768-g8c92f1e708 (webtiles) character file.

Game seed: 10817100239404124425

12 Gargoyl the Skirmisher (level 2, -1/29 HPs)
             Began as a Gnoll Abyssal Knight on Oct 31, 2021.
             Was a Follower of Lugonu.
             Frozen to death by an endoplasm (5 damage)
             ... on level 1 of the Dungeon.
             The game lasted 00:00:44 (425 turns).

Gargoyl the Skirmisher (Gnoll Abyssal Knight)        Turns: 425, Time: 00:00:45

Health: -1/29      AC:  7    Str: 12    XL:     2   Next: 33%
Magic:  5/5        EV:  9    Int:  9    God:    Lugonu [*.....]
Gold:   12         SH:  0    Dex: 12    Spells: 1/1 levels left

rFire   . . .      SeeInvis .   a - +1 hand axe
rCold   . . .      Faith    .   (no shield)
rNeg    . . .      Spirit   .   d - +0 scale mail
rPois   +          Reflect  .   (no helmet)
rElec   .          Harm     .   (no cloak)
rCorr   .          Rampage  .   (no gloves)
Will    .....                   (no boots)
Stlth   ..........              (no amulet)
HPRegen 0.09/turn               c - ring of poison resistance
MPRegen 0.09/turn               (no ring)

@: no status effects
A: fangs 1, strong nose, distributed training
a: Renounce Religion, Depart the Abyss


You were on level 1 of the Dungeon.
You worshipped Lugonu.
Lugonu was aware of your devotion.
You visited 1 branch of the dungeon, and saw 1 of its levels.
You visited the Abyss 1 time.

You collected 12 gold pieces.

Inventory:

Hand Weapons
 a - a +1 hand axe (weapon)
Armour
 b - a +0 leather armour
 d - a +0 scale mail (worn)
Jewellery
 c - a ring of poison resistance (left hand)
Scrolls
 e - a scroll of vulnerability {unknown}
Potions
 f - a potion of heal wounds {unknown}


   Skills:
 + Level 6.4 Fighting
 + Level 0.3 Short Blades
 + Level 0.3 Long Blades
 + Level 4.4 Axes
 + Level 0.3 Maces & Flails
 + Level 0.3 Polearms
 + Level 0.3 Staves
 + Level 0.3 Slings
 + Level 0.3 Bows
 + Level 0.3 Crossbows
 + Level 0.3 Throwing
 + Level 4.4 Armour
 + Level 2.4 Dodging
 + Level 0.3 Stealth
 + Level 0.3 Shields
 + Level 0.3 Unarmed Combat
 + Level 0.3 Spellcasting
 + Level 0.2 Conjurations
 + Level 0.2 Hexes
 + Level 0.2 Summonings
 + Level 0.2 Necromancy
 + Level 0.2 Translocations
 + Level 0.2 Transmutations
 + Level 0.2 Fire Magic
 + Level 0.2 Ice Magic
 + Level 0.2 Air Magic
 + Level 0.2 Earth Magic
 + Level 0.2 Poison Magic
 + Level 4.5 Invocations
 + Level 0.3 Evocations


You had one spell level left.
You didn't know any spells.
Your spell library was empty.

Dungeon Overview and Level Annotations

Branches:
Dungeon (1/15)

Altars:

Shops:
D:1 *


Innate Abilities, Weirdness & Mutations

You have very sharp teeth.
Your uncanny sense of smell can sniff out nearby items.
Your experience applies equally to all skills.


Message History

An endoplasm comes into view.
The goblin hits you but does no damage. The endoplasm freezes you.
You are frozen.
An endoplasm comes into view.
You hit the goblin.
The goblin is severely wounded.
Your scale mail prevents you from hitting the endoplasm.
The goblin hits you but does no damage. The endoplasm freezes you.
You are frozen.
You closely miss the goblin.
The goblin is severely wounded.
You completely miss the endoplasm. The goblin hits you with a +0 dagger.
The endoplasm closely misses you.
Unknown command.
Your scale mail prevents you from hitting the goblin.
The goblin is severely wounded.
You hit the endoplasm. The goblin hits you with a +0 dagger.
The endoplasm freezes you.
You are frozen.
You hit the goblin.
You kill the goblin!
Lugonu accepts your kill.
You hit the endoplasm. x2
The endoplasm freezes you.
You are frozen.
* * * LOW HITPOINT WARNING * * *
The endoplasm completely misses you.
Unknown command.
The endoplasm hits you but does no damage.
The endoplasm freezes you.
You are frozen.
* * * LOW HITPOINT WARNING * * *
You see here a +0 dagger.
The endoplasm hits you.
* * * LOW HITPOINT WARNING * * *
The endoplasm freezes you.
You are frozen.
You die...

. #..###.. ..##.......
............. ###
#>........##. ...
..........##. #.# #..#
#.##. # #.# #..# #..#.
..###.##J###..# # #..#.
.......@).....###.##.r..
########J...............
######.######..##
######.##.....r##
#......##........
#.############### #.#
♣.......... #.#
♣..8..8.(.. #.#
♣...÷......


You could see 2 endoplasms.

Vanquished Creatures
  A dart slug (D:1)
  A ball python (D:1)
  An endoplasm (D:1)
  A goblin (D:1)
  A hobgoblin (D:1)
  A kobold (D:1)
  A quokka (D:1)
  A bat (D:1)
  A rat (D:1)
9 creatures vanquished.

Notes
Turn   | Place    | Note
-------+----------+-------------------------------------------
     0 | Abyss:1  | Gargoyl the Gnoll Abyssal Knight began the quest for the
                  | Orb.
     0 | Abyss:1  | Reached XP level 1. HP: 23/23 MP: 3/3
    27 | Abyss:1  | Noticed a large abomination
    31 | Abyss:1  | Noticed a starcursed mass
    32 | Abyss:1  | Noticed a centaur warrior simulacrum
    33 | D:1      | Escaped the Abyss
   159 | D:1      | Reached * piety under Lugonu
   214 | D:1      | Found Vuzadaf's Assorted Antiques.
   247 | D:1      | Reached XP level 2. HP: 29/29 MP: 5/5
   425 | D:1      | Frozen to death by an endoplasm

Illustrated notes

Levels and vault maps discovered:
D:1:      giann_forest_graveyard, layout_basic, serial_shops,
          nicolae_square_shop, hex_intersection

Action                   || total
-------------------------++-------
Melee: Hand axe          ||    28
Invok: Depart the Abyss  ||     1
Armor: Scale mail        ||    11
       Leather armour    ||     1
Dodge: Dodged            ||    20

Table legend: (Time is in decaauts)
 A = Elapsed time spent in this place.
 B = Non-inter-level travel time spent in this place.
 C = Inter-level travel time spent in this place.
 D = Time resting spent in this place.
 E = Time spent auto-exploring this place.
 F = Levels seen in this place.
 G = Mean time per level.
                   A        B        C        D        E       F      G
               +--------+--------+--------+--------+--------+-----+--------+
         Total |    426 |    426 |      0 |      0 |    285 |   2 |  213.0 |
       Dungeon |    393 |    393 |      0 |      0 |    259 |   1 |  393.0 |
         Abyss |     33 |     33 |      0 |      0 |     26 |   1 |   33.0 |
               +--------+--------+--------+--------+--------+-----+--------+

Top non-repeatable levels by time:
     D:1: 393 daAuts
 Abyss:1: 33 daAuts
